[Event "Landsturneringen 2023"]
[Site "Vallhall, Oslo"]
[Date "2023.07.03"]
[Round "3"]
[White "Sponnich, Atle"]
[Black "Johansen, Jimmy Alexander"]
[Result "1-0"]
[WhiteElo "1409"]
[BlackElo "1510"]
[TimeControl "40/5400+30:1800+30"]
[BlackFideId "1574612"]
[WhiteFideId "1569929"]

1. e4 d5 2. exd5 Nf6 3. Nc3 Nxd5 4. Bc4 Nxc3 5. bxc3 e5 6. Nf3 Bd6 7. d4 e4
8. Ng5 O-O 9. Qh5 h6 10. Nxf7 Rxf7 11. Qxf7+ Kh7 12. Bd5 Qe7 13. Qg8+ Kg6
14. Qxc8 Nd7 15. Qxa8 e3 16. Bxe3 Bf4 17. O-O Bxe3 18. fxe3 Qxe3+ 19. Kh1
Nf6 20. Rae1 Qxc3 21. Be4+ Nxe4 22. Qe8+ Kg5 23. Qxe4 1-0

[Event "Landsturneringen 2023"]
[Site "Vallhall, Oslo"]
[Date "2023.07.03"]
[Round "3"]
[White "Stensen, Lars Asbjørn"]
[Black "Rønning, Tom Jøran S"]
[Result "1-0"]
[WhiteElo "1526"]
[BlackElo "1434"]
[TimeControl "40/5400+30:1800+30"]
[BlackFideId "1530429"]
[WhiteFideId "1518399"]

1. d4 Nf6 2. Nf3 e6 3. g3 d5 4. c4 b6 5. cxd5 exd5 6. Bg2 Bf5 7. Nc3 Bb4 8.
Bd2 Bxc3 9. Bxc3 O-O 10. O-O Qc8 11. Re1 c6 12. Nd2 Nbd7 13. f3 Qc7 14. e4
dxe4 15. fxe4 Bg4 16. Qb3 Rae8 17. e5 Be6 18. Qc2 Nd5 19. Be4 g6 20. Bd3 c5
21. Rac1 f5 22. Nc4 Rd8 23. Nd6 Nb8 24. Bd2 Rxd6 25. exd6 Qxd6 26. dxc5 Qc6
27. cxb6 Qxb6+ 28. Qc5 Qxc5+ 29. Rxc5 Kf7 30. Bc4 Rd8 31. Bg5 Rd6 32. Bxd5
Rxd5 33. Rxd5 1-0

[Event "Landsturneringen 2023"]
[Site "Vallhall, Oslo"]
[Date "2023.07.03"]
[Round "3"]
[White "Yran, Petter"]
[Black "Szygenda, Jørgen"]
[Result "1/2-1/2"]
[WhiteElo "1576"]
[BlackElo "1496"]
[TimeControl "40/5400+30:1800+30"]
[BlackFideId "1573640"]
[WhiteFideId "1567659"]

1. c4 Nf6 2. Nf3 g6 3. Nc3 Bg7 4. e4 d6 5. Be2 c5 6. d4 cxd4 7. Nxd4 Nc6 8.
Be3 Qa5 9. O-O O-O 10. a3 Qc7 11. Rc1 a6 12. f3 Bd7 13. Nd5 Qd8 14. b4 b5
15. Nxc6 Bxc6 16. Bb6 Qd7 17. cxb5 Bxd5 18. exd5 axb5 19. Rc7 Qf5 20. Rxe7
Nxd5 21. Rb7 Rxa3 22. Bd4 Bh6 23. Rxb5 Ne3 24. Qc1 Qc2 25. Qxc2 Nxc2 26.
Bf6 Bg7 27. Bxg7 Kxg7 28. Rd1 1/2-1/2

[Event "Landsturneringen 2023"]
[Site "Vallhall, Oslo"]
[Date "2023.07.03"]
[Round "4"]
[White "Myhre, Jo Berger"]
[Black "Azadkhah, Ali"]
[Result "1-0"]
[WhiteElo "1479"]
[BlackElo "1534"]
[TimeControl "40/5400+30:1800+30"]
[BlackFideId "12512680"]
[WhiteFideId "1575767"]

1. e4 c5 2. c3 Nf6 3. e5 Nd5 4. Nf3 e6 5. Bc4 Nb6 6. Bb3 Nc6 7. O-O d5 8.
exd6 Bxd6 9. d4 cxd4 10. cxd4 O-O 11. Nc3 h6 12. Re1 Nd5 13. Nxd5 exd5 14.
Ne5 Be6 15. Bf4 Qf6 16. Bg3 Ne7 17. Ng4 Bxg4 18. Qxg4 Bxg3 19. Qxg3 Nf5 20.
Qe5 Nxd4 21. Qxf6 gxf6 22. Rad1 Nxb3 23. axb3 Rfe8 24. Rxe8+ Rxe8 25. Kf1
Re5 26. Rd3 Kf8 27. g3 Ke7 28. f4 Rf5 29. Rd4 Rh5 30. Kg2 Kd6 31. g4 Kc5
32. Ra4 d4 33. gxh5 a6 34. Kf3 f5 35. Ke2 b5 36. Rxa6 Kb4 37. Kd3 Kxb3 38.
Rb6 Kb4 39. Kxd4 1-0

[Event "Landsturneringen 2023"]
[Site "Vallhall, Oslo"]
[Date "2023.07.03"]
[Round "4"]
[White "Baumann, Tobias Opdalshei"]
[Black "Sparta, Manuel"]
[Result "1-0"]
[WhiteElo "1522"]
[BlackElo "1474"]
[TimeControl "40/5400+30:1800+30"]
[BlackFideId "1552287"]
[WhiteFideId "1548506"]

1. e4 c5 2. Nf3 Nc6 3. d4 cxd4 4. Nxd4 Nf6 5. Nc3 e5 6. Ndb5 d6 7. Bg5 a6
8. Na3 b5 9. Nd5 Be7 10. Bxf6 Bxf6 11. c3 O-O 12. Nc2 Bg5 13. a4 Rb8 14.
axb5 axb5 15. Bd3 g6 16. Qe2 Ne7 17. Nxe7+ Qxe7 18. Nb4 Bd7 19. Nd5 Qe6 20.
h4 Bf4 21. h5 Rb7 22. hxg6 fxg6 23. Bc2 Kg7 24. Bb3 Qg4 25. f3 Bg3+ 26. Kd1
Qg5 27. Ra6 Be6 28. Rxd6 Bxd5 29. Rxd5 Rd8 30. Qd3 Rbb8 31. Rd7+ 1-0

[Event "Landsturneringen 2023"]
[Site "Vallhall, Oslo"]
[Date "2023.07.03"]
[Round "4"]
[White "Bruvold, Cathrine"]
[Black "Bechstrøm, Henrik Mathias"]
[Result "1/2-1/2"]
[WhiteElo "1387"]
[BlackElo "1548"]
[TimeControl "40/5400+30:1800+30"]
[BlackFideId "1547232"]
[WhiteFideId "1568434"]

1. d4 e6 2. g3 d5 3. Bg2 Nf6 4. c4 Bb4+ 5. Bd2 Be7 6. Nc3 O-O 7. Nf3 dxc4
8. O-O Nbd7 9. Qc2 c5 10. Rfd1 a6 11. Rac1 Qc7 12. Bf4 Bd6 13. Bxd6 Qxd6
14. Ne4 Nxe4 15. dxc5 Qxc5 16. Qxe4 Nf6 17. Qxc4 Qxc4 18. Rxc4 Bd7 19. Ne5
Bb5 20. Rc7 Bxe2 21. Rd2 Bb5 22. Bxb7 Rab8 23. b3 a5 24. Bf3 Rbc8 25. Rb7
Rc5 26. a4 Bxa4 27. Nxf7 Rxf7 28. Rxf7 Kxf7 29. bxa4 Rc4 30. Ra2 Nd7 31.
Be2 Rb4 32. Bb5 Nc5 33. Kf1 Kf6 34. Ke2 e5 35. f3 g5 36. Ke3 Rb3+ 37. Ke2
Rb4 38. Ke3 1/2-1/2

[Event "Landsturneringen 2023"]
[Site "Vallhall, Oslo"]
[Date "2023.07.03"]
[Round "4"]
[White "Eilertsen, Håkon Renna"]
[Black "Johnson, Knut"]
[Result "1-0"]
[WhiteElo "1569"]
[BlackElo "1465"]
[TimeControl "40/5400+30:1800+30"]
[BlackFideId "1542095"]
[WhiteFideId "1544047"]

1. d4 e6 2. c4 f5 3. Nf3 Nf6 4. Nc3 d5 5. Bg5 Be7 6. e3 c6 7. h4 O-O 8. h5
Ne4 9. Bf4 Bf6 10. Bd3 Nxc3 11. bxc3 b6 12. a4 Ba6 13. cxd5 cxd5 14. Bxa6
Nxa6 15. Qd3 Qc8 16. Nd2 Nb8 17. O-O Qa6 18. Qb1 Nc6 19. Rc1 Na5 20. Qb4
Rac8 21. Qd6 Rfe8 22. Rab1 Rc6 23. Qb4 Qc8 24. Rc2 Qa6 25. Rbc1 Rec8 26.
Qb5 Qb7 27. Rb1 Kf7 28. Qxa5 Qd7 29. Qb5 g5 30. hxg6+ hxg6 31. Nf3 Kg8 32.
Ne5 Bxe5 33. Bxe5 Qh7 34. c4 Qh5 35. Rbc1 Qh7 36. cxd5 Rxc2 37. Rxc2 Ra8
38. Rc7 Qh5 39. Rg7+ Kf8 40. Qb4+ Ke8 41. Qe7# 1-0

[Event "Landsturneringen 2023"]
[Site "Vallhall, Oslo"]
[Date "2023.07.03"]
[Round "4"]
[White "Grindbakken, Erik"]
[Black "Vollheim, Daniel O"]
[Result "1-0"]
[WhiteElo "1574"]
[BlackElo "1418"]
[TimeControl "40/5400+30:1800+30"]
[BlackFideId "1569520"]
[WhiteFideId "1526170"]

1. c4 e5 2. Nc3 Nf6 3. g3 c6 4. Bg2 d5 5. cxd5 cxd5 6. d4 e4 7. Bg5 Be7 8.
f3 exf3 9. Nxf3 O-O 10. O-O Nc6 11. Qd2 h6 12. Bxf6 Bxf6 13. e3 Re8 14. Ne1
Be6 15. Nd3 Be7 16. Nf4 Bb4 17. Qf2 Bxc3 18. Nxe6 fxe6 19. Qf7+ Kh8 20.
bxc3 Qe7 21. e4 Qxf7 22. Rxf7 Ne7 23. exd5 exd5 24. Re1 Nc6 25. Rxe8+ Rxe8
26. Kf2 Ne7 27. Bh3 b5 28. Bd7 Rb8 29. Rxe7 Kh7 30. Bf5+ Kh8 31. Bg6 a5 32.
Re8+ Rxe8 33. Bxe8 b4 34. cxb4 axb4 35. Bf7 g5 36. Bxd5 Kg7 37. g4 Kf6 38.
Kf3 Kg6 39. Be4+ Kf6 40. Ke3 Ke6 41. Kd3 b3 42. axb3 Kd6 43. Kc4 Ke6 44. b4
Kd6 45. b5 Kc7 46. Kc5 Kd7 47. Kb6 Ke7 48. Kc7 Kf6 49. b6 Ke7 50. b7 Kf6
51. b8=Q Kf7 52. Qb3+ Ke7 53. Qd5 Kf6 54. Qf5+ Ke7 55. d5 Ke8 56. d6 h5 57.
Bc6# 1-0

[Event "Landsturneringen 2023"]
[Site "Vallhall, Oslo"]
[Date "2023.07.03"]
[Round "4"]
[White "Hansen, Roy Drange"]
[Black "Yran, Petter"]
[Result "0-1"]
[WhiteElo "1501"]
[BlackElo "1576"]
[TimeControl "40/5400+30:1800+30"]
[BlackFideId "1567659"]
[WhiteFideId "1509250"]

1. e4 c5 2. Nf3 d6 3. c3 Nf6 4. d3 Nc6 5. Be2 g6 6. Bg5 Bg7 7. Qc2 h6 8.
Bh4 O-O 9. O-O a6 10. a4 Rb8 11. Nbd2 g5 12. Bg3 e5 13. Nc4 b5 14. Ne3 b4
15. Nd2 d5 16. Nf3 bxc3 17. bxc3 Re8 18. Nd2 d4 19. Nec4 dxc3 20. Qxc3 Nd4
21. Bd1 Nh7 22. Bh5 g4 23. Rfe1 Nf6 24. Bxf7+ Kxf7 25. Nxe5+ Kg8 26. Qxc5
Be6 27. Rab1 Rc8 28. Qb6 Nh5 29. f4 Nxg3 30. hxg3 Bxe5 31. fxe5 Nc2 32. Rf1
Qxd3 33. Rf6 Nd4 34. Qb7 Qe3+ 35. Kh1 Qg5 36. Re1 Rf8 37. Ref1 Ne2 38.
Rxf8+ Rxf8 39. Rxf8+ Kxf8 40. Qb4+ Kg7 41. Nf1 Qh5+ 42. Nh2 Nxg3+ 43. Kg1
Qxe5 44. Qe7+ Kg6 45. Qe8+ Kg5 46. Qd8+ Qf6 47. Qd3 Qa1+ 48. Kf2 Nh1+ 49.
Ke2 Qb2+ 50. Ke1 Qc1+ 0-1

[Event "Landsturneringen 2023"]
[Site "Vallhall, Oslo"]
[Date "2023.07.03"]
[Round "4"]
[White "Johansen, Frank"]
[Black "Lie, Bjørn"]
[Result "0-1"]
[WhiteElo "1572"]
[BlackElo "1427"]
[TimeControl "40/5400+30:1800+30"]
[BlackFideId "1524372"]
[WhiteFideId "1568710"]

1. d4 Nf6 2. Nc3 d5 3. Bf4 g6 4. e3 Bg7 5. h4 c6 6. Nf3 Bg4 7. Be2 Nbd7 8.
Ne5 Bxe2 9. Qxe2 Nh5 10. O-O-O Nxf4 11. exf4 h5 12. g4 hxg4 13. Qxg4 Nf6
14. Qf3 Bh6 15. Kb1 Qc8 16. h5 Nxh5 17. f5 Nf6 18. fxg6 fxg6 19. Rdg1 Qf5
20. Qg2 Bg7 21. Rxh8+ Bxh8 22. Nxg6 Kd7 23. Re1 Re8 24. Ne5+ Kc8 25. Ng6
Kd7 26. Qh2 Qxg6 27. Ne2 Qh5 28. Qg3 Ne4 29. Qf4 Bf6 30. f3 Qxf3 31. Qh2
Rh8 32. Qg1 Qf2 33. Qg4+ Kc7 34. Rg1 Rh4 0-1

[Event "Landsturneringen 2023"]
[Site "Vallhall, Oslo"]
[Date "2023.07.03"]
[Round "4"]
[White "Szygenda, Jørgen"]
[Black "Jørgensen, Ørjan"]
[Result "0-1"]
[WhiteElo "1496"]
[BlackElo "1569"]
[TimeControl "40/5400+30:1800+30"]
[BlackFideId "1514911"]
[WhiteFideId "1573640"]

1. e4 e5 2. Nf3 d5 3. exd5 Nf6 4. Bc4 Bc5 5. d4 exd4 6. Nxd4 O-O 7. Bg5
Re8+ 8. Be2 Qxd5 9. Bxf6 Qxg2 10. Kd2 Qxf2 11. Rf1 Qe3+ 12. Ke1 gxf6 13.
Nf3 Bh3 14. Rg1+ Kh8 15. Nbd2 Qf2# 0-1

[Event "Landsturneringen 2023"]
[Site "Vallhall, Oslo"]
[Date "2023.07.03"]
[Round "4"]
[White "Yilmaz, Kazim"]
[Black "Mork, Peter"]
[Result "1-0"]
[WhiteElo "1560"]
[BlackElo "1402"]
[TimeControl "40/5400+30:1800+30"]
[BlackFideId "1580604"]
[WhiteFideId "1514326"]

1. Nf3 Nf6 2. Nc3 g6 3. e4 d6 4. d4 Bg7 5. Be2 c5 6. dxc5 dxc5 7. Qxd8+
Kxd8 8. Bg5 h6 9. O-O-O+ Nbd7 10. Bxf6 Bxf6 11. Bb5 e6 12. Bxd7 Bxd7 13. e5
Bg7 14. Ne4 Ke7 15. Nxc5 Bc6 16. Rhe1 Rhd8 17. Rxd8 Rxd8 18. Nd3 b6 19. Nb4
Bb7 20. a3 Rd7 21. c3 Kd8 22. Rd1 Rxd1+ 23. Kxd1 a5 24. Nd3 Kd7 25. b4 Bd5
26. Kd2 Bf8 27. Ke3 Be7 28. Kd4 axb4 29. axb4 b5 30. Nc5+ Kc6 31. Ne4 Bd8
32. Nfd2 Bb6+ 33. Kd3 Bc7 34. f4 Bb6 35. g3 Bg1 36. h3 Bh2 37. c4 bxc4+ 38.
Nxc4 Bxe4+ 39. Kxe4 Bxg3 40. b5+ Kxb5 41. Nd6+ Kc6 42. Nxf7 h5 43. Nh8 h4
44. Nxg6 Kd7 45. Kf3 Ke8 46. Kg4 Kf7 47. Nxh4 Bf2 48. Nf3 Kg6 49. Ng5 Kg7
50. Nxe6+ Kf7 51. Ng5+ Ke7 52. h4 Kf8 53. h5 Kg7 54. f5 Kh6 55. f6 Bc5 56.
e6 1-0

[Event "Landsturneringen 2023"]
[Site "Vallhall, Oslo"]
[Date "2023.07.04"]
[Round "5"]
[White "Azadkhah, Ali"]
[Black "Rønning, Tom Jøran S"]
[Result "1-0"]
[WhiteElo "1534"]
[BlackElo "1434"]
[TimeControl "40/5400+30:1800+30"]
[BlackFideId "1530429"]
[WhiteFideId "12512680"]

1. d4 Nf6 2. c4 e6 3. Nc3 Bb4 4. Qc2 c5 5. e3 Nc6 6. Nf3 d5 7. Bd3 dxc4 8.
Bxc4 cxd4 9. exd4 O-O 10. O-O Nxd4 11. Nxd4 Qxd4 12. Ne2 Qh4 13. Bf4 b6 14.
a3 Be7 15. Bb5 Nd5 16. Bg3 Qh5 17. Bc6 Ba6 18. Bxa8 Rxa8 19. Rfe1 Rc8 20.
Qe4 Nf6 21. Qe5 Qg4 22. Nc3 h5 23. h3 Qg6 24. Rad1 Ne8 25. Qe4 Qf6 26. Be5
Qg5 27. Rd7 Nf6 28. Bxf6 Qxf6 29. Re3 Bc5 30. Rf3 Qg5 31. Rfxf7 Qc1+ 32.
Kh2 Bd6+ 33. f4 Bf8 34. Qxe6 Qc2 35. Rxg7+ 1-0

[Event "Landsturneringen 2023"]
[Site "Vallhall, Oslo"]
[Date "2023.07.04"]
[Round "5"]
[White "Johnson, Knut"]
[Black "Baumann, Tobias Opdalshei"]
[Result "1/2-1/2"]
[WhiteElo "1465"]
[BlackElo "1522"]
[TimeControl "40/5400+30:1800+30"]
[BlackFideId "1548506"]
[WhiteFideId "1542095"]

1. d4 d5 2. Nf3 Nf6 3. e3 e6 4. Bd3 c5 5. c3 Nc6 6. Nbd2 Be7 7. O-O O-O 8.
Re1 h6 9. e4 dxe4 10. Nxe4 cxd4 11. cxd4 Nxd4 12. Ng3 Nxf3+ 13. Qxf3 Qd5
14. Qe2 Bb4 15. Rd1 Qc6 16. Be3 e5 17. Rac1 Qe6 18. h3 Qe7 19. a3 Bd6 20.
Bb1 Be6 21. Nf5 Bxf5 22. Bxf5 Rfd8 23. Bb1 b6 24. Bd2 Bc5 25. Bc3 a5 26.
Qxe5 Qxe5 27. Bxe5 Rxd1+ 28. Rxd1 Re8 29. Bxf6 gxf6 30. Kf1 Re7 31. Bf5 Kg7
32. Rd7 Rxd7 33. Bxd7 Kg6 34. a4 f5 35. g3 f4 36. gxf4 Bd6 37. f5+ Kg5 38.
Be8 f6 39. Bd7 Kf4 40. Kg2 Ke4 41. h4 Kf4 42. Kh3 Kf3 43. b3 Bc5 44. h5
Bxf2 45. Be6 Kf4 46. Bd7 Kg5 47. Kg2 Bc5 48. Kg3 Kxh5 49. Kh3 Kg5 50. Kg2
Kg4 51. Be6 h5 52. Bd7 h4 53. Be6 h3+ 54. Kh1 Kg3 55. Bd7 h2 56. Be6 Bd6
57. Bd7 Kf2 58. Be6 Ke3 59. Bd7 Kd4 60. Be6 Kc3 61. Bf7 Kb4 62. Be6 Be5 63.
Bf7 b5 64. axb5 Kxb5 65. Bc4+ Kb4 66. Be6 Bd6 67. Bf7 Be5 68. Be6 1/2-1/2

[Event "Landsturneringen 2023"]
[Site "Vallhall, Oslo"]
[Date "2023.07.04"]
[Round "5"]
[White "Bechstrøm, Henrik Mathias"]
[Black "Myhre, Jo Berger"]
[Result "1-0"]
[WhiteElo "1548"]
[BlackElo "1479"]
[TimeControl "40/5400+30:1800+30"]
[BlackFideId "1575767"]
[WhiteFideId "1547232"]

1. e4 c6 2. Nc3 d5 3. Nf3 dxe4 4. Nxe4 Nf6 5. Qe2 Nxe4 6. Qxe4 Nd7 7. Bc4
e6 8. d4 Nf6 9. Qe2 Bd6 10. O-O O-O 11. c3 Qc7 12. a4 Re8 13. Bd3 e5 14.
dxe5 Bg4 15. exd6 Qxd6 16. Qc2 Bxf3 17. gxf3 Re5 18. Bf4 Rae8 19. Rad1 Qe6
20. Bxe5 Qxe5 21. Rfe1 Qg5+ 22. Kh1 Rxe1+ 23. Rxe1 g6 24. Qe2 Nd5 25. Qe8+
Kg7 26. Qe5+ Qxe5 27. Rxe5 Kf6 28. Re4 g5 29. Re8 h6 30. Ra8 Nf4 31. Bc4 a6
32. Ra7 b5 33. Bf1 Ke6 34. Rxa6 Kd5 35. axb5 cxb5 36. Rxh6 1-0

[Event "Landsturneringen 2023"]
[Site "Vallhall, Oslo"]
[Date "2023.07.04"]
[Round "5"]
[White "Stensen, Lars Asbjørn"]
[Black "Bruvold, Cathrine"]
[Result "0-1"]
[WhiteElo "1526"]
[BlackElo "1387"]
[TimeControl "40/5400+30:1800+30"]
[BlackFideId "1568434"]
[WhiteFideId "1518399"]

1. Nf3 Nf6 2. c4 c6 3. d4 d5 4. cxd5 cxd5 5. Nc3 Nc6 6. g3 e6 7. a3 Bd6 8.
Bg2 h6 9. O-O O-O 10. Re1 b6 11. b4 Bb7 12. Bb2 e5 13. dxe5 Nxe5 14. Nxe5
Bxe5 15. Na4 Qe8 16. f4 Bxb2 17. Nxb2 Qe3+ 18. Kh1 Ng4 19. Nd3 Ba6 20. Qc1
Bxd3 21. Qxe3 Nxe3 22. exd3 Nc2 23. Bxd5 Rad8 24. Bc4 Nxa1 25. Rxa1 Rfe8
26. Ra2 g5 27. fxg5 hxg5 28. Rf2 Rd7 29. Kg2 Re5 30. b5 Kg7 31. g4 Kg6 32.
h3 f5 33. gxf5+ Rxf5 34. Re2 Rf6 35. Re8 Rf4 36. Rg8+ Kf6 37. Re8 Re7 38.
Rd8 Ke5 39. Rd5+ Kf6 40. d4 Re3 41. Rd6+ Ke7 42. Rc6 Rxd4 43. Rc7+ Kd8 44.
Rc6 Rd2+ 45. Kg1 Rg3+ 46. Kf1 Rxh3 47. Be2 Re3 48. Bg4 Rxa3 49. Rc8+ Ke7
50. Rc7+ Kf6 51. Rc6+ Ke5 52. Re6+ Kf4 53. Be2 Kg3 54. Ke1 Rb2 55. Re4 Ra1+
56. Bd1 Rxb5 57. Re3+ Kg2 58. Re2+ Kg1 59. Re4 Rd5 60. Rg4+ Kh2 61. Kf2
Ra2+ 62. Be2 Rdd2 63. Rg2+ Kh3 64. Rg3+ Kh4 65. Rg4+ Kh5 66. Re4+ Rxe2+ 0-1

[Event "Landsturneringen 2023"]
[Site "Vallhall, Oslo"]
[Date "2023.07.04"]
[Round "5"]
[White "Yran, Petter"]
[Black "Eilertsen, Håkon Renna"]
[Result "1-0"]
[WhiteElo "1576"]
[BlackElo "1569"]
[TimeControl "40/5400+30:1800+30"]
[BlackFideId "1544047"]
[WhiteFideId "1567659"]

1. e4 c6 2. Nf3 d5 3. d3 dxe4 4. dxe4 Qxd1+ 5. Kxd1 Bg4 6. Be2 Nd7 7. Ne1
Bxe2+ 8. Kxe2 e5 9. Nd3 O-O-O 10. Be3 Ngf6 11. f3 Ne8 12. a4 a5 13. Nd2 f6
14. Nc4 Kc7 15. Nxa5 Nd6 16. Nc5 Nxc5 17. Bxc5 b6 18. Bxd6+ Rxd6 19. Nc4
Rd4 20. Ne3 g6 21. c3 Rd7 22. Rhd1 Be7 23. Rxd7+ Kxd7 24. Nc4 Rb8 25. b4 b5
26. axb5 c5 27. Ra7+ Ke6 28. b6 cxb4 29. cxb4 Bxb4 30. Rxh7 Bc5 31. b7 Be7
32. Na5 f5 33. Rxe7+ 1-0

[Event "Landsturneringen 2023"]
[Site "Vallhall, Oslo"]
[Date "2023.07.04"]
[Round "5"]
[White "Kyrkjebø, Eirik"]
[Black "Hole, Vegard"]
[Result "0-1"]
[WhiteElo "1585"]
[BlackElo "1526"]
[TimeControl "40/5400+30:1800+30"]
[BlackFideId "1524275"]
[WhiteFideId "1511580"]

1. e4 e5 2. Nf3 Nc6 3. Nc3 Bc5 4. Nxe5 d6 5. Nxc6 bxc6 6. d4 Bb6 7. Be3 Qe7
8. Qf3 Bd7 9. Qg3 f5 10. Bg5 Nf6 11. e5 Bxd4 12. f4 dxe5 13. O-O-O Bxc3 14.
Qxc3 e4 15. Bc4 Be6 16. Bb3 Bd7 17. Rd4 h6 18. Bh4 c5 19. Rd5 Nxd5 20. Bxd5
Qxh4 21. Qxg7 Qxf4+ 22. Kb1 O-O-O 23. Qf6 Qd6 0-1

[Event "Landsturneringen 2023"]
[Site "Vallhall, Oslo"]
[Date "2023.07.04"]
[Round "5"]
[White "Nyberget, Eirik"]
[Black "Johansen, Jimmy Alexander"]
[Result "0-1"]
[WhiteElo "1417"]
[BlackElo "1510"]
[TimeControl "40/5400+30:1800+30"]
[BlackFideId "1574612"]
[WhiteFideId "1542940"]

1. d4 d5 2. c4 e6 3. Nc3 Nf6 4. Nf3 Nbd7 5. Bg5 Be7 6. e3 h6 7. Bh4 b6 8.
Be2 Bb7 9. O-O O-O 10. Rc1 Rc8 11. Qb3 c5 12. cxd5 Nxd5 13. Bxe7 Qxe7 14.
Rfd1 N7f6 15. dxc5 Rxc5 16. Rd2 Rfc8 17. Ne5 Nxc3 18. Rxc3 Rxe5 19. Rxc8+
Bxc8 20. Qc3 0-1

[Event "Landsturneringen 2023"]
[Site "Vallhall, Oslo"]
[Date "2023.07.04"]
[Round "5"]
[White "Jørgensen, Ørjan"]
[Black "Yilmaz, Kazim"]
[Result "0-1"]
[WhiteElo "1569"]
[BlackElo "1560"]
[TimeControl "40/5400+30:1800+30"]
[BlackFideId "1514326"]
[WhiteFideId "1514911"]

1. e4 e5 2. d4 exd4 3. f4 Nc6 4. Nf3 d5 5. e5 Bb4+ 6. Bd2 Qe7 7. a3 Bxd2+
8. Nbxd2 Nh6 9. Bd3 Ng4 10. Nf1 f6 11. h3 fxe5 12. fxe5 Ngxe5 13. Qe2 Nxd3+
14. cxd3 Qxe2+ 15. Kxe2 O-O 16. Kd2 Bf5 17. Rc1 a5 18. N1h2 Rfe8 19. Rc5
Re3 20. Rxd5 Rxd3+ 21. Kc1 Be4 22. Rd7 Bxf3 23. Nxf3 Rc8 24. Kc2 Re3 25.
Nxd4 Nxd4+ 26. Rxd4 Re2+ 27. Rd2 Rxd2+ 28. Kxd2 Rd8+ 29. Kc3 b5 30. b4 c5
31. bxc5 Rd5 32. c6 Rc5+ 33. Kd4 Rxc6 34. Rb1 Rc4+ 35. Kd5 Ra4 36. Rxb5
Rxa3 37. Ke6 h6 38. Kf5 Kh7 39. h4 Ra1 40. g4 a4 41. g5 hxg5 42. hxg5 a3
43. Rb3 Rf1+ 44. Kg4 a2 45. Kh5 a1=Q 46. g6+ Kg8 47. Rb8+ Rf8 0-1

[Event "Landsturneringen 2023"]
[Site "Vallhall, Oslo"]
[Date "2023.07.04"]
[Round "5"]
[White "Lazareva, Emilie"]
[Black "Ratama, Sofie Kristine"]
[Result "1/2-1/2"]
[WhiteElo "1470"]
[BlackElo "1536"]
[TimeControl "40/5400+30:1800+30"]
[BlackFideId "1532421"]
[WhiteFideId "1540092"]

1. e4 c5 2. Nf3 Nc6 3. d4 cxd4 4. Nxd4 Nf6 5. Nc3 g6 6. Be3 Bg7 7. Bc4 O-O
8. Bb3 a6 9. Nxc6 dxc6 10. h3 Qc7 11. Qe2 b5 12. O-O Bb7 13. Bc5 Rfe8 14.
e5 Nd5 15. f4 Nxc3 16. bxc3 e6 17. Rad1 Bf8 18. Bxf8 Kxf8 19. Qf2 c5 20. c4
Red8 21. Qh4 Kg8 22. Qg5 h5 23. cxb5 Rxd1 24. Rxd1 c4 25. bxa6 Qb6+ 26. Kh2
Qxa6 27. Rd8+ Rxd8 28. Qxd8+ Kg7 1/2-1/2

[Event "Landsturneringen 2023"]
[Site "Vallhall, Oslo"]
[Date "2023.07.04"]
[Round "5"]
[White "Lie, Bjørn"]
[Black "Strand, Ingrid"]
[Result "1/2-1/2"]
[WhiteElo "1427"]
[BlackElo "1504"]
[TimeControl "40/5400+30:1800+30"]
[BlackFideId "1512544"]
[WhiteFideId "1524372"]

1. d4 d5 2. c4 e6 3. Nc3 Nf6 4. Bg5 Be7 5. e3 O-O 6. Nf3 b6 7. cxd5 Nxd5 8.
Nxd5 exd5 9. Bxe7 Qxe7 10. Rc1 Bb7 11. Qc2 Rc8 12. Bd3 g6 13. O-O c5 14. b3
Nd7 15. Qe2 a6 16. Rfd1 b5 17. dxc5 Nxc5 18. Nd4 Nxd3 19. Qxd3 Qa3 20. Qd2
Rxc1 21. Rxc1 Rc8 22. Rxc8+ Bxc8 23. h3 Bd7 24. Ne2 Be6 25. Nd4 Bd7 26. Ne2
Be6 27. Nd4 Bd7 1/2-1/2

[Event "Landsturneringen 2023"]
[Site "Vallhall, Oslo"]
[Date "2023.07.05"]
[Round "6"]
[White "Yilmaz, Kazim"]
[Black "Bechstrøm, Henrik Mathias"]
[Result "1/2-1/2"]
[WhiteElo "1560"]
[BlackElo "1548"]
[TimeControl "40/5400+30:1800+30"]
[BlackFideId "1547232"]
[WhiteFideId "1514326"]

1. Nf3 d5 2. Nc3 d4 3. Ne4 e5 4. e3 dxe3 5. dxe3 Qxd1+ 6. Kxd1 Nc6 7. Bb5
Bd7 8. Ke2 a6 9. Ba4 f5 10. Nc3 Bd6 11. Rd1 Nf6 12. h3 h6 13. Bb3 O-O-O 14.
Bd2 g5 15. Nd5 Nxd5 16. Bxd5 Ne7 17. Bb3 Ng6 18. Bf7 Ne7 19. Bc3 Rhf8 20.
Bb3 Ng6 21. a3 f4 22. e4 g4 23. hxg4 Bxg4 24. Rh1 h5 25. Kf1 Rde8 26. Ng5
f3 27. g3 Re7 28. Rd1 Rf6 29. Bb4 Bxb4 30. axb4 Nf8 31. c3 Nd7 32. Rd3 Rg7
33. Nh3 Rd6 34. Rxd6 cxd6 35. Kg1 Nf6 36. Bc2 Kc7 37. Kf1 Kb6 38. Ke1 a5
39. bxa5+ Kxa5 40. Kd2 Kb6 41. Ng1 Nd7 42. Bd1 Rf7 43. Ke3 Nc5 44. Bxf3 Na4
45. Bxg4 hxg4 46. f4 Nxb2 47. Ne2 Nc4+ 48. Kd3 Nb2+ 49. Kc2 Nc4 50. Kd3
Nb2+ 1/2-1/2

[Event "Landsturneringen 2023"]
[Site "Vallhall, Oslo"]
[Date "2023.07.05"]
[Round "6"]
[White "Eilertsen, Håkon Renna"]
[Black "Bruvold, Cathrine"]
[Result "1-0"]
[WhiteElo "1569"]
[BlackElo "1387"]
[TimeControl "40/5400+30:1800+30"]
[BlackFideId "1568434"]
[WhiteFideId "1544047"]

1. d4 d5 2. c4 c6 3. Nf3 Nf6 4. Nc3 e6 5. e3 Be7 6. Qc2 O-O 7. Bd3 dxc4 8.
Bxc4 Nbd7 9. e4 h6 10. e5 Bb4 11. exf6 Bxc3+ 12. bxc3 Qxf6 13. O-O Re8 14.
Re1 b6 15. d5 cxd5 16. Bxd5 Rb8 17. Ba3 Ba6 18. Bc6 Red8 19. Qa4 b5 20.
Qxa6 Rb6 21. Qxa7 Rxc6 22. Rad1 Nf8 23. Be7 Rxd1 24. Bxf6 Rxe1+ 25. Nxe1
gxf6 26. Qd4 Kg7 27. Qb4 Ng6 28. Qxb5 Rxc3 29. a4 Rc1 30. Kf1 Ne5 31. a5
Ra1 32. a6 Kg6 33. f4 Ng4 34. h3 Ne3+ 35. Ke2 Nd5 36. Qb7 Ra2+ 37. Kf1 Ne3+
38. Kg1 Re2 39. a7 Rxe1+ 40. Kf2 Nc2 41. a8=Q 1-0

[Event "Landsturneringen 2023"]
[Site "Vallhall, Oslo"]
[Date "2023.07.05"]
[Round "6"]
[White "Choquet, Sebastian"]
[Black "Ringstad, Åge"]
[Result "1-0"]
[WhiteElo "1473"]
[BlackElo "1508"]
[TimeControl "40/5400+30:1800+30"]
[BlackFideId "1542117"]
[WhiteFideId "1572210"]

1. e4 e5 2. Nf3 Nc6 3. c3 Nf6 4. d4 exd4 5. e5 Nd5 6. Bc4 Nb6 7. Bb3 Be7 8.
cxd4 O-O 9. h4 d6 10. Ng5 d5 11. Bc2 h6 12. Qd3 g6 13. Nxf7 Bf5 14. Nxh6+
Kg7 15. Nxf5+ Rxf5 16. h5 Nb4 17. Bh6+ Kg8 18. Qg3 Nxc2+ 19. Kd1 g5 20. Qd3
Nxd4 21. g4 Qd7 22. Re1 Qe6 23. gxf5 Qxf5 24. Qxd4 Qf3+ 25. Kc2 c5 26. Qd1
Qxf2+ 27. Re2 Qf5+ 28. Qd3 Qxd3+ 29. Kxd3 Kh7 30. Bxg5 Bxg5 31. Nc3 Re8 32.
Nb5 a6 33. Nd6 Re7 34. Rg1 Bf4 35. e6 Bxd6 36. Rf1 Nc8 37. Rf7+ Kh6 38.
Rf6+ Kxh5 39. Rg2 b5 40. Rf1 c4+ 41. Kd2 Bf4+ 42. Kd1 Bg3 43. Rxg3 Kh4 44.
Rg8 1-0

[Event "Landsturneringen 2023"]
[Site "Vallhall, Oslo"]
[Date "2023.07.05"]
[Round "6"]
[White "Smedsrud, Morten S"]
[Black "Hauan, Tore Martin Madsø"]
[Result "1-0"]
[WhiteElo "1401"]
[BlackElo "1542"]
[TimeControl "40/5400+30:1800+30"]
[BlackFideId "1513508"]
[WhiteFideId "1529668"]

1. e4 c6 2. Nc3 d5 3. Nf3 dxe4 4. Nxe4 Nf6 5. Qe2 Nxe4 6. Qxe4 Qd5 7. Qf4
Be6 8. d4 Na6 9. Bd2 O-O-O 10. Bxa6 bxa6 11. O-O h6 12. c4 Qf5 13. Qe3 Bxc4
14. Rfc1 Bd5 15. Ne5 Rd6 16. Rc5 Qe4 17. Qxe4 Bxe4 18. Nxf7 Rg6 19. Nxh8
Rxg2+ 20. Kf1 Rxh2 21. Ke2 e5 22. Rxe5 1-0